 Dungeon Crawl Stone Soup version 0.30.1-11-g7821555f0a (webtiles) character file.

Game seed: 1580104263226104257

3 boopmooplesden the Covered (level 1, 0/19 HPs)
             Began as an Armataur Fighter on Nov 8, 2023.
             Slain by a quokka (3 damage)
             ... on level 1 of the Dungeon.
             The game lasted 00:00:08 (56 turns).

boopmooplesden the Covered (Armataur Fighter)         Turns: 56, Time: 00:00:09

Health: 0/19       AC:  7    Str: 21    XL:     1   Next: 41%
Magic:  1/1        EV:  7    Int:  8    God:
Gold:   11         SH:  4    Dex:  9    Spells: 0/0 levels left

rFire   . . .        a - +0 long sword
rCold   . . .        c - +0 buckler
rNeg    . . .        b - +0 scale mail
rPois   .            (no helmet)
rElec   .            (no cloak)
rCorr   .            (no gloves)
SInv    .            (no barding)
Will    .....        (no amulet) Stlth
                     (no ring)
HPRegen 0.23/turn    (no ring)
MPRegen 0.07/turn

%: roll
@: no status effects
A: large, rugged brown scales 3, deformed body, armoured tail, roll, long
tongue, awkward tongue
a: no special abilities


You were on level 1 of the Dungeon.
You visited 1 branch of the dungeon, and saw 1 of its levels.

You collected 11 gold pieces.

Inventory:

Hand Weapons
 a - a +0 long sword (weapon)
Armour
 b - a +0 scale mail (worn)
 c - a +0 buckler (worn)
Potions
 d - a potion of might


   Skills:
 + Level 2.7 Fighting
 + Level 1.7 Long Blades
 + Level 3.8 Armour
 + Level 3.3 Shields


You couldn't memorise any spells.
You didn't know any spells.
Your spell library was empty.

Dungeon Overview and Level Annotations

Branches:
Dungeon (1/15)

Altars:


Innate Abilities, Weirdness & Mutations

You are completely covered in rugged brown scales. (AC +3, +7% HP)
Armour fits poorly on your strangely shaped body.
You have a long armoured tail.
You roll when moving toward enemies. (Rampage)
Your long tongue fully drains potion bottles. (2x potion effects)
Your tongue gives you trouble enunciating. (1.5x scroll delay)


Message History

You hit the hobgoblin but do no damage. The hobgoblin hits you.
The hobgoblin closely misses you.
You hit the hobgoblin.
The hobgoblin is heavily wounded.
The hobgoblin hits you. You block the hobgoblin's attack.
The hobgoblin hits you but does no damage. x2
The ball python bites you but does no damage.
You hit the hobgoblin.
You kill the hobgoblin!
The quokka bites you. The ball python barely misses you.
The hobgoblin closely misses you.
The ball python attacks as you move away!
The ball python closely misses you. The hobgoblin attacks as you move away!
The hobgoblin hits you. The quokka barely misses you. The quokka bites you.
* * * LOW HITPOINT WARNING * * *
You see here a hobgoblin corpse.
The hobgoblin hits you but does no damage.
The ball python bites you but does no damage.
The hobgoblin attacks as you move away! The hobgoblin hits you.
* * * LOW HITPOINT WARNING * * *
The ball python attacks as you move away!
The ball python bites you but does no damage.
The ball python bites you but does no damage.
You closely miss the ball python.
The ball python bites you but does no damage.
You barely miss the ball python. The ball python barely misses you.
You block the ball python's attack.
You barely miss the ball python. The ball python bites you.
* * * LOW HITPOINT WARNING * * *
You closely miss the ball python. You tail-slap the ball python.
You kill the ball python!
You barely miss the quokka.
Your tail-slap misses the quokka.
You block the quokka's attack.
The quokka bites you but does no damage.
You closely miss the quokka.
The quokka bites you but does no damage.
You hit the quokka but do no damage. The quokka bites you.
* * * LOW HITPOINT WARNING * * *
The quokka bites you.
You die...

..... #....#.............#
.....#+####.........###....<.#
................##.## #......#
#.............##..# ####'###
#.............##..######.#
#.....).......##.......#.#
#....$†...#g#.####.###.#>#
#.........#r#.##.......###
..)...#######@#.##..........
...... #..#.........#...
!..... #.#####.###..# .. .....
.. #.# ..# ..... ^.. #.# ..#
.... #.# ..# ..... #.# ..###+
#.. #..


You could see a quokka and a hobgoblin.

Vanquished Creatures
  A ball python (D:1)
  A hobgoblin (D:1)
  A kobold (D:1)
3 creatures vanquished.

Notes
Turn   | Place    | Note
-------+----------+-------------------------------------------
     0 | D:1      | boopmooplesden the Armataur Fighter began the quest for the
                  | Orb.
     0 | D:1      | Reached XP level 1. HP: 19/19 MP: 1/1
    56 | D:1      | Slain by a quokka

Illustrated notes

Levels and vault maps discovered:
D:1:      elethiomel_arrival_shortcut, layout_basic, minmay_octomino_e4

Action                     || total
---------------------------++-------
  Melee: Long sword        ||    14
         Tailslap          ||     1
 Armour: Scale mail        ||    17
  Dodge: Dodged            ||     8
  Block: Buckler           ||     6
